 Dungeon Crawl Stone Soup version 0.18.1-50-g88ac8fd (webtiles) character file.

249 Dioneo the Cutter (level 6, -10/39 HPs)
             Began as a Halfling Assassin on Oct 26, 2016.
             Was a Follower of Kikubaaqudgha.
             Killed from afar by an orc wizard (12 damage)
             ... with a puff of flame
             ... on level 4 of the Dungeon.
             The game lasted 00:14:55 (3267 turns).

Dioneo the Cutter (Halfling Assassin)               Turns: 3267, Time: 00:14:55

Health: -10/39     AC:  3    Str: 11    XL:     6   Next: 35%
Magic:  6/6        EV: 13    Int: 10    God:    Kikubaaqudgha [*.....]
Gold:   195        SH:  0    Dex: 18    Spells: 3 memorised, 1 level left

rFire  . . .     SeeInvis .     f - +1 dagger (venom)
rCold  . . .     Gourm    .     c - +0 robe
rNeg   . . .     Faith    .     (shield restricted)
rPois  .         Spirit   .     (no helmet)
rElec  .         Dismiss  .     d - +0 cloak
rCorr  .         Reflect  .     (no gloves)
SustAt .         Harm     .     (no boots)
MR     .....                    q - amulet of magic regeneration
Stlth  ++++......               (no ring)
                                (no ring)

@: very slightly contaminated, drained, not resistant to hostile enchantments,
stealthy
A: mutation resistance 1
a: Receive Corpses, Renounce Religion


You were on level 4 of the Dungeon.
You worshipped Kikubaaqudgha.
Kikubaaqudgha was aware of your devotion.
You were hungry.

You visited 1 branch of the dungeon, and saw 4 of its levels.

You collected 195 gold pieces.

Inventory:

Hand Weapons
 a - a +2 dagger
 b - a +0 blowgun
 f - a +1 dagger of venom (weapon)
 A - a +1 vampiric dagger
Missiles
 e - 9 poisoned needles
 r - a curare-tipped needle
Armour
 c - a +0 robe (worn)
 d - a +0 cloak (worn)
 y - a +0 buckler
Jewellery
 j - an uncursed amulet of harm
 q - an amulet of magic regeneration (around neck)
 C - an uncursed ring of stealth {unknown}
Wands
 D - a wand of iceblast (7/15)
Scrolls
 h - a scroll of teleportation {unknown}
 k - a scroll of amnesia {unknown}
 v - 2 scrolls of enchant armour {unknown}
 w - a scroll of fog {unknown}
 x - a scroll of remove curse
Potions
 i - 2 potions of resistance
 l - a potion of heal wounds {unknown}
 o - a potion of berserk rage {unknown}
 p - a potion of invisibility {unknown}
 t - 3 potions of magic
 u - a potion of lignification {unknown}
 z - a potion of cancellation {unknown}
Books
 m - Kikubaaqudgha's Grimoire of Black Rituals
   (Kikubaaqudgha gifted it to you on level 3 of the Dungeon)

   Spells                             Type                      Level
   a - Pain                           Necromancy                   1
   b - Corpse Rot                     Necromancy                   2
   c - Sublimation of Blood           Necromancy                   2
   d - Regeneration                   Charms/Necromancy            3
   e - Control Undead                 Necromancy                   4
 s - Kikubaaqudgha's Disquisition on Black Arts
   (You found it on level 2 of the Dungeon)

   Spells                             Type                      Level
   a - Animate Skeleton               Necromancy                   1
Comestibles
 g - 2 bread rations
 n - 2 meat rations
 B - 5 chunks of flesh


   Skills:
 - Level 1.7(1.2) Fighting
 * Level 6.2(5.7) Short Blades
 - Level 2.1(1.7) Throwing
 - Level 1.1(0.6) Dodging
 + Level 5.9(5.4) Stealth
 + Level 1.4(1.0) Necromancy


You had one spell level left.
You knew the following spells:

 Your Spells              Type           Power        Failure   Level  Hunger
a - Animate Skeleton      Necr           N/A          24%         1    ##.....
b - Pain                  Necr           #...         24%         1    ##.....
c - Corpse Rot            Necr           N/A          38%         2    ###....


Dungeon Overview and Level Annotations

Branches:
Dungeon (4/15)
 Temple: D:4-7

Altars:
Elyvilon
Kikubaaqudgha
Makhleb
Nemelex Xobeh
Sif Muna
Vehumet

Shops:
D:4 (


Innate Abilities, Weirdness & Mutations

You are small and have problems with some larger weapons.
You are somewhat resistant to further mutation.


Message History

You hit the orc wizard but do no damage.
The orc wizard is lightly wounded.
The orc wizard points at you and mumbles some strange words.
The magic dart hits you!
* * * LOW HITPOINT WARNING * * *
Your quokka skeleton bites the orc wizard.
The orc wizard casts a spell at you. The puff of frost hits you!
* * * LOW HITPOINT WARNING * * *
Found a short sword.
The orc wizard gestures at you while chanting.
The puff of frost misses you.
Something misses the orc wizard.
Drink which item? (? for menu, Esc to quit)
Okay, then.
Read which item? (? for menu, Esc to quit)
Okay, then.
The orc wizard gestures at you while chanting.
The puff of flame hits you!
You die...
Kikubaaqudgha rasps: "You have failed me!
Welcome... death!"

...# ...# ##...#
.....## #.....## ##
.......### ...
#..##..>......
....###...@.........
∩...!#...##.........
........# #o.......#
........####S..#.## .
..........#.#......
#.# #.......#o####)..
...##....<..#.# #.
.###.........#Z#####..
......................


You could see 2 orc wizards and an adder.

Vanquished Creatures
  An orc priest (D:3)
  An orc wizard (D:3)
  7 gnolls (D:2)
  3 adders (D:2)
  3 worms
  A dart slug (D:1)
  2 giant geckos
  3 orcs
  5 bats
  3 giant cockroaches
  7 goblins
  7 hobgoblins
  8 kobolds
  2 quokkas
  A ball python (D:2)
  2 giant newts
  12 rats
  A fungus (D:1)
69 creatures vanquished.

Vanquished Creatures (collateral kills)
  The ghost of cba the Sneak, an amateur OpWz (D:3)
  A giant cockroach (D:4)
  A goblin (D:3)
  A kobold (D:2)
  2 rats (D:2)
6 creatures vanquished.

Grand Total: 75 creatures vanquished

Notes
Turn   | Place    | Note
--------------------------------------------------------------
     0 | D:1      | Dioneo the Halfling Assassin began the quest for the Orb.
     0 | D:1      | Reached XP level 1. HP: 14/14 MP: 1/1
    16 | D:1      | Reached skill level 3 in Short Blades
   122 | D:1      | Reached XP level 2. HP: 17/19 MP: 2/2
   414 | D:1      | Reached XP level 3. HP: 20/24 MP: 3/3
   670 | D:2      | Found a faded altar to an unknown god.
   673 | D:2      | Reached skill level 4 in Short Blades
   696 | D:2      | Reached skill level 5 in Stealth
   780 | D:2      | Found an ancient bone altar of Kikubaaqudgha.
   794 | D:2      | Found a deep blue altar of Sif Muna.
   796 | D:2      | Found a radiant altar of Vehumet.
   799 | D:2      | Identified Kikubaaqudgha's Disquisition on Black Arts
   802 | D:2      | Learned a level 1 spell: Animate Skeleton
   803 | D:2      | Became a worshipper of Kikubaaqudgha
  1311 | D:2      | Found a white marble altar of Elyvilon.
  1329 | D:2      | Reached XP level 4. HP: 29/29 MP: 2/4
  1392 | D:2      | Found a burning altar of Makhleb.
  1392 | D:2      | Noticed a green death
  1765 | D:2      | Reached skill level 5 in Short Blades
  1765 | D:2      | Reached XP level 5. HP: 34/34 MP: 5/5
  2268 | D:3      | Found a sparkling altar of Nemelex Xobeh.
  2325 | D:3      | Reached * piety under Kikubaaqudgha
  2325 | D:3      | Received a gift from Kikubaaqudgha
  2326 | D:3      | Identified Kikubaaqudgha's Grimoire of Black Rituals (Kikubaaqudgha gifted it to you on level 3 of the Dungeon)
  2338 | D:3      | Reached skill level 1 in Necromancy
  2347 | D:3      | Reached XP level 6. HP: 28/39 MP: 6/6
  2491 | D:3      | Learned a level 1 spell: Pain
  2501 | D:3      | Noticed cba's ghost (amateur OpWz)
  2900 | D:3      | Killed cba's ghost
  2900 | D:3      | Reached skill level 6 in Short Blades
  2961 | D:3      | Learned a level 2 spell: Corpse Rot
  3231 | D:4      | Found Saomac's Antique Weapon Emporium.
  3264 | D:4      | HP: 1/39 [orc wizard/puff of frost (10)]
  3267 | D:4      | Killed from afar by an orc wizard

Skill      XL: |  1  2  3  4  5  6 |
---------------+-------------------+-----
Short Blades   | 3 4 5 6 |  6.2
Stealth        | 5 |  5.9
Necromancy     | 1 |  1.4
Fighting       | |  1.7
Throwing       | |  2.1
Dodging        | |  1.1

Action                   |  1- 3 |  4- 6 || total
-------------------------+-------+-------++-------
Melee: Dagger            |   125 |    78 ||   203
 Fire: Blowgun           |       |    29 ||    29
 Cast: Animate Skeleton  |     1 |    20 ||    21
       Pain              |       |     4 ||     4
  Use: Scroll            |       |     3 ||     3
 Stab: Sleeping          |     4 |     6 ||    10
  Eat: Chunk             |     1 |     6 ||     7
       Beef jerky        |       |     1 ||     1
Armor: Robe              |    15 |    20 ||    35
Dodge: Dodged            |    61 |    60 ||   121
